[Event "Czech Extraliga 2023-24"]
[Site "Czech Republic"]
[Date "2024.01.27"]
[Round "5.1"]
[White "BSS2 Bernadskiy Vitaliy GM"]
[Black "DPP2 Sahidi Samir IM"]
[Result "1-0"]
[ECO "B18"]
[WhiteElo "2524"]
[BlackElo "2476"]
[Annotator "TA"]
[PlyCount "71"]
[EventDate "2023.10.14"]
[EventCountry "CZE"]
[SourceTitle "playchess.com"]
[Source "ChessBase"]
[SourceQuality "1"]
[TimeControl "40/5400+30:1800+30"]

1. e4 c6 2. d4 d5 3. Nc3 dxe4 4. Nxe4 Bf5 5. Ng3 Bg6 6. h4 h6 7. Bc4 e6 8. N1e2 Nf6 9. Nf4 Bh7 10. c3 Bd6 11. Ngh5 O-O 12. g4 Bxf4 13. Nxf4 {[%emt 0:19:16] [#] Black is slightly better.} e5 $1 14. Ne2 (14. dxe5 Qxd1+) 14... Nxg4 {[%emt 0:07:49] ...Nd7 is the strong threat.} 15. f3 $1 Nf6 16. dxe5 Qxd1+ 17. Kxd1 Nfd7 18. f4 b5 19. Bb3 Nc5 (19... Rd8 $1 $11 20. Bd2 Nb6) 20. Nd4 $14 Rd8 {[%emt 0:07:13] Strongly threatening ...Nxb3.} 21. Ke2 Be4 ({Black should try} 21... Nxb3 $11 22. Nxb3 a5) 22. Rg1 Nbd7 23. Be3 (23. Bc2 {simplifies} Bxc2 24. Nxc2 f6 25. Be3) 23... Nb6 (23... Nxb3 $11 24. axb3 a5) 24. Bc2 Bxc2 25. Nxc2 Nca4 26. Nd4 {[%emt 0:00:21] aiming for Nf5.} Nxb2 $2 {[%emt 0:01:18] A mistake that costs the game.} (26... Kh7 $16 {was necessary.}) 27. Nf5 $1 $18 ({Weaker is} 27. Nxc6 Rd7 $14) 27... g6 28. Nxh6+ Kg7 $2 (28... Kh7) 29. f5 Nd5 {[%emt 0:06:20][%cal Od5e3] ...Nxe3! would now be deadly.} 30. f6+ Kf8 {[%emt 0:00:24][%cal Od5e3] [#]} 31. e6 $1 Nxc3+ (31... Nxf6 32. Raf1) 32. Kf1 {[%emt 0:00:00][%cal Og1g6] Threatening mate with Rxg6!} Rd5 33. exf7 g5 34. Rxg5 {[%emt 0:00:00] White mates.} Rxg5 35. hxg5 Ne4 36. g6 {[%emt 0:00:00] Weighted Error Value: White=0.09 (flawless) /Black=0.59.  Loses game:     	---       	Black=1      Mistake:       	---       	Black=4      Inaccurate:     	White=3     	Black=1      OK:         	White=7     	Black=10     Best:        	White=4     	---        Strong:       	White=2     	---} 1-0

[Event "Czech Extraliga 2023-24"]
[Site "Czech Republic"]
[Date "2024.01.27"]
[Round "5.2"]
[White "Gonda, Laszlo"]
[Black "Dragnev, Valentin"]
[Result "1/2-1/2"]
[ECO "A38"]
[WhiteElo "2491"]
[BlackElo "2582"]
[Annotator "TA"]
[PlyCount "133"]
[EventDate "2023.10.14"]
[EventCountry "CZE"]
[SourceTitle "playchess.com"]
[Source "ChessBase"]
[SourceQuality "1"]
[TimeControl "40/5400+30:1800+30"]

1. Nf3 Nf6 2. g3 c5 3. c4 g6 4. b3 Bg7 5. Bb2 d6 6. Bg2 e5 7. Nc3 O-O 8. O-O Nc6 9. d3 h6 10. Nd2 Be6 11. a3 d5 12. cxd5 Nxd5 13. Rc1 Nxc3 14. Rxc3 Qe7 15. Bxc6 bxc6 16. Qc2 Rab8 17. Rxc5 Bxb3 18. Nxb3 Rxb3 19. Rxc6 Rfb8 20. Bc1 R8b7 21. Ra6 Rb8 22. Qc4 Kh7 23. Be3 R3b7 24. Rc1 h5 25. Qc5 Bh6 26. Bxh6 (26. Rxa7 $2 {too greedy.} Qxc5 27. Bxc5 Bxc1 $19) 26... Kxh6 27. Qe3+ Kh7 28. Qe4 Rb3 29. Rcc6 (29. d4 $18) 29... R8b6 30. Raxb6 axb6 (30... Rxb6 $16 31. Rc8 Rb2) 31. Qc4 Rb1+ 32. Kg2 Kg7 33. Rc7 (33. Qc3 $18) 33... Qe8 $2 (33... Qf6 $16 {was worth a try.} 34. Rc6 Qf5) 34. Qd5 $18 Rb2 35. Qe4 (35. e4 $142) 35... Ra2 (35... Qe6 {keeps fighting.} 36. a4 Qf6) 36. d4 Rxa3 37. dxe5 ({Resist} 37. Qxe5+ $6 Qxe5 38. dxe5 Kf8 $14) 37... Ra4 {[%emt 0:00:25] [#]} (37... Qe6 $16 {might work better.}) 38. Qe3 (38. Qb7 $1 $18 {and the rest is easy. Strongly threatening Re7.} Qe6 39. Re7) 38... Qe6 $16 39. Qf3 (39. Qg5 $16) 39... h4 $14 40. Qf6+ Qxf6 41. exf6+ Kxf6 42. Rc6+ Ke7 43. Rxb6 hxg3 44. hxg3 g5 45. Kf3 f6 46. e4 Kf7 47. Rd6 Ke7 48. Rd3 Ke6 49. Rb3 Ke5 $2 {[%emt 0:00:00][%mdl 8192] [#]} ({Black should try} 49... Ra2 $14) 50. Rb5+ $2 ({White must play} 50. Kg4 $1 $18 {Threatens to win with Kh5.} Ra2 51. f3) 50... Ke6 $14 51. Rf5 Rb4 52. Ra5 Rc4 53. Ke3 Rc3+ 54. Kd4 ({Better is} 54. Kd2 $1 $14 Rb3 55. g4) 54... Rf3 $11 55. Ra6+ Ke7 56. Ra2 Kd6 57. Rb2 Ke6 58. Ra2 Kd6 59. Rc2 Ke6 60. Rd2 g4 61. Ra2 Kd6 62. Ra8 Rxf2 63. Rg8 Rf3 64. Rxg4 Ke6 65. Rg7 Ra3 66. g4 Rg3 67. e5 1/2-1/2

[Event "Czech Extraliga 2023-24"]
[Site "Czech Republic"]
[Date "2024.01.28"]
[Round "6.1"]
[White "NOV2 Wojtaszek Radoslaw GM"]
[Black "BSS2 Bernadskiy Vitaliy GM"]
[Result "1/2-1/2"]
[ECO "E15"]
[WhiteElo "2668"]
[BlackElo "2524"]
[Annotator "TA"]
[PlyCount "67"]
[EventDate "2023.10.14"]
[EventCountry "CZE"]
[SourceTitle "playchess.com"]
[Source "ChessBase"]
[SourceQuality "1"]
[TimeControl "40/5400+30:1800+30"]

1. d4 Nf6 2. c4 e6 3. Nf3 b6 4. g3 Bb4+ 5. Bd2 Bxd2+ 6. Qxd2 c6 7. Bg2 d5 8. O-O O-O 9. b3 Bb7 10. Nc3 Nbd7 11. Rfd1 Re8 12. Rac1 Qe7 13. cxd5 exd5 14. Qf4 Nf8 15. Rc2 Ng6 16. Qc1 Bc8 17. Qb2 Bf5 18. Rcc1 Rad8 19. e3 Rd6 20. b4 b5 21. a4 a6 22. axb5 axb5 23. Ne2 Ne4 {[%emt 0:01:25][%cal Oe4f2] [#]} 24. Ne5 $1 Nxe5 25. dxe5 Qxe5 26. Qxe5 Rxe5 27. Nd4 {[%emt 0:06:39][%cal Of2f4] aiming for f4!} Bd7 28. Rc2 {[%emt 0:00:05][%mdl 1024] White has compensation.} Re8 29. Ra1 Rc8 30. Ra6 (30. f3 $5 Nf6 $8 31. g4 $11) 30... Kf8 {[%emt 0:01:53] The position is equal.} 31. f3 Nf6 32. Kf2 (32. Ra7 $5) 32... Ne8 33. Ra7 g6 34. Bf1 {[%emt 0:00:27] Weighted Error Value: White=0.08 (flawless) /Black=0.08 (flawless) .  Inaccurate:     	White=3     	Black=2      OK:         	White=8     	Black=11     Best:        	---       	Black=1} 1/2-1/2

[Event "Czech Extraliga 2023-24"]
[Site "Czech Republic"]
[Date "2024.01.28"]
[Round "6.1"]
[White "LYS2 Nabaty Tamir GM"]
[Black "UNI1 Haring Filip IM"]
[Result "1-0"]
[ECO "E14"]
[WhiteElo "2632"]
[BlackElo "2441"]
[Annotator "TA"]
[PlyCount "99"]
[EventDate "2023.10.14"]
[EventCountry "CZE"]
[SourceTitle "playchess.com"]
[Source "ChessBase"]
[SourceQuality "1"]
[TimeControl "40/5400+30:1800+30"]

1. d4 Nf6 2. c4 e6 3. Nf3 Bb4+ 4. Nbd2 b6 5. a3 Bxd2+ 6. Qxd2 Bb7 7. e3 O-O 8. Be2 d5 {[%emt 0:01:23] E14: Queen's Indian: Classical Variation (4 e3).} 9. O-O dxc4 {[%emt 0:00:40] 9...Nbd7 is not played anymore.} 10. Bxc4 Nbd7 11. b4 a5 12. b5 c5 13. bxc6 Bxc6 14. Qe2 Qc7 15. Bb2 Qb7 16. a4 Rfc8 17. Rfc1 Bd5 18. Bb5 Bc6 $146 ({Predecessor:} 18... Rxc1+ 19. Rxc1 Rc8 20. Rxc8+ Qxc8 21. Ne1 Ne4 22. Ba3 Qc3 23. Bb2 Qc8 24. Ba3 Qc3 {½-½ Mareco,S (2657)-Samant,A (2430) Abu Dhabi Masters 28th 2022 (8)}) 19. Nd2 Bxb5 20. Qxb5 Rxc1+ 21. Rxc1 Rc8 22. Rxc8+ Qxc8 23. Nc4 h6 {[%emt 0:05:16] [#]} 24. f3 $1 (24. Nxb6 Nxb6 25. Qxb6 Qc2 $17) 24... Nd5 25. e4 Nb4 26. Bc3 (26. Nxb6 $2 Nxb6 27. Qxa5 (27. Qxb6 $2 Qc2 $19) 27... Nd3 28. Qxb6 Qc2 $19) 26... Nd3 27. Bd2 (27. Nxb6 $2 Qxc3 28. h3 Qxd4+ 29. Kh1 Nxb6 $19) 27... Qc7 28. e5 (28. Qb3 $16 Nf4 29. Be3) 28... f6 $11 29. f4 fxe5 30. fxe5 Nf8 $1 31. h3 (31. Qxb6 $2 Qxc4 32. h3 Qxa4 $19) (31. Nxb6 $2 Qc2 32. Qxa5 Qb1+ $19) (31. Qb3 {simplifies} Nb4 32. Bxb4 axb4 33. Qxb4 Qc6 34. Ne3) 31... Qf7 32. Be3 Qh5 (32... Qg6 $1 $11 {keeps the balance.}) 33. Qb1 ({Reject} 33. Nxb6 Qe2 34. Nc4 Ne1 $11) ({White should play} 33. Qxb6 $16 Qe2 34. Qxa5) 33... Qe2 $2 (33... Qg6 $11) 34. Qf1 $1 $18 (34. Qxb6 Ne1 35. Bf2 (35. Nxa5 $2 Qxg2#) 35... Nxg2 36. Kxg2 Qxc4 37. Qxa5 Ng6 $11) 34... Qxf1+ 35. Kxf1 Nd7 {[%emt 0:00:28] [#]} 36. Bd2 $1 Kf7 37. Ke2 Nb4 38. Bxb4 axb4 39. Kd3 Kg6 $2 (39... Ke7 {is a better chance.} 40. Nb2 Nb8) 40. Ne3 Kg5 (40... b3 $142 41. Kc3 h5) 41. g3 $18 Nb8 42. Kc4 Nc6 43. Nc2 Kf5 $2 (43... b3 44. Kxb3 Na7) 44. Nxb4 $18 Na7 45. Kd3 h5 (45... Kg6 $142 46. Ke4 h5) 46. Ke3 $18 g5 47. Kf3 g4+ 48. hxg4+ hxg4+ 49. Ke3 Nc8 50. Nc6 1-0

[Event "Czech Extraliga 2023-24"]
[Site "Czech Republic"]
[Date "2024.01.28"]
[Round "6.1"]
[White "TUR1 Rodshtein Maxim GM"]
[Black "LIN1 Piorun Kacper GM"]
[Result "1-0"]
[ECO "E48"]
[WhiteElo "2584"]
[BlackElo "2593"]
[Annotator "TA"]
[PlyCount "103"]
[EventDate "2023.10.14"]
[EventCountry "CZE"]
[SourceTitle "playchess.com"]
[Source "ChessBase"]
[SourceQuality "1"]
[TimeControl "40/5400+30:1800+30"]

1. d4 Nf6 2. c4 e6 3. Nc3 Bb4 4. e3 O-O 5. Bd3 d5 6. cxd5 exd5 7. a3 Bd6 8. Qc2 b6 9. Nb5 {[%emt 0:13:20] The position is equal.} c5 10. b3 Be7 11. Nf3 Bb7 12. O-O Nbd7 13. Bb2 a6 14. Nc3 Bd6 15. Rfd1 Qe7 16. Bf5 Rad8 17. a4 Rfe8 18. Rac1 Nf8 19. g3 Ne6 20. Ba3 Rc8 21. Qb1 Rc7 22. Bh3 Rec8 23. Bb2 Re8 24. Bg2 cxd4 25. Nxd4 Nxd4 26. Rxd4 Bc5 27. Rd3 (27. Nxd5 Nxd5 28. Rxd5 Bxd5 29. Bxd5 Qg5 $11) 27... Ng4 ({Better is} 27... Rd7 $14) 28. b4 $1 $16 (28. Nxd5 $2 Bxd5 29. Bxd5 Nxf2 30. Rxc5 (30. Kxf2 $2 Bxe3+ 31. Kg2 Bxc1 $19) 30... Qxc5 (30... Nxd3 $2 31. Rxc7 Qxc7 32. Qxd3 $18) 31. Kxf2 Qc2+ 32. Qxc2 Rxc2+ 33. Kf3 Rxb2 $19) (28. Bxd5 Nxf2 29. Kxf2 Bxe3+ 30. Kg2 Bxc1 31. Qxc1 Rd8 $17) 28... Bxb4 29. Nxd5 ({And not} 29. Bxd5 Bxc3 30. Rcxc3 (30. Bxc3 $2 {is the wrong capture.} Nxf2 31. Kxf2 Bxd5 $19) 30... Rxc3 31. Bxc3 Nxf2 32. Kxf2 Bxd5 $17) 29... Bxd5 30. Rxc7 ({Don't do} 30. Rxd5 Bc5 31. Re1 Rd7 32. Rxd7 Qxd7 $16) 30... Qxc7 31. Rxd5 Be7 {[%emt 0:01:01] Prevents Rg5.} 32. Qd3 Nf6 {[%emt 0:00:46] Prevents Rd7} 33. Bxf6 Bxf6 34. Qxa6 g6 35. Rb5 Qc1+ (35... Re6 $16) 36. Bf1 $18 Bd8 37. Rd5 $1 Bc7 (37... Qc6 $142 38. Qb5 Qxb5 39. Bxb5 Rf8) 38. Qd3 $2 (38. Qb5 $18 Ra8 39. Rd7) 38... Qc6 39. Qd4 Re6 40. Bb5 Qc2 {[%emt 0:00:29] [#]} (40... Qc1+ $16 {keeps fighting.} 41. Kg2 Qa3) 41. Rd7 $1 Be5 {[%emt 0:00:04] Against Bc4} 42. Qc4 Bc3 (42... Qxc4 $142 43. Bxc4 Rc6) 43. Rd8+ Kg7 {[%emt 0:00:01] [#]} 44. Qc8 $1 Qb1+ 45. Bf1 Qb4 46. h4 (46. Be2 $18 {and White stays clearly on top.}) 46... h5 $2 (46... Be1 $16 {is tougher.}) 47. Rh8 {[%emt 0:04:26] aiming for Qg8+. White is clearly winning.} Re7 48. Qf8+ Kf6 49. Qh6 {[%emt 0:00:52] Rc8 would now be deadly.} Be5 50. Rd8 Qg4 {[%emt 0:00:21] Dodges Bh3} 51. Kg2 {[%emt 0:00:46] Black must now prevent f4.} Rc7 52. Re8 {[%emt 0:00:23] Weighted Error Value: White=0.13 (very precise) /Black=0.34.  Loses game:     	---       	Black=1      Missed win:     	White=1     	---        Mistake:       	White=1     	Black=5      Inaccurate:     	White=1     	Black=4      OK:         	White=19    	Black=12     Best:        	White=1     	Black=2      Strong:       	White=3     	---} 1-0

[Event "Czech Extraliga 2023-24"]
[Site "Czech Republic"]
[Date "2024.01.28"]
[Round "6.1"]
[White "KRO3 Kozak Adam GM"]
[Black "PAR3 Neugebauer Martin IM"]
[Result "1/2-1/2"]
[ECO "A21"]
[WhiteElo "2566"]
[BlackElo "2529"]
[Annotator "RC"]
[PlyCount "183"]
[EventDate "2023.10.14"]
[EventCountry "CZE"]
[SourceTitle "playchess.com"]
[Source "ChessBase"]
[SourceQuality "1"]
[TimeControl "40/5400+30:1800+30"]

1. c4 d6 2. Nc3 e5 3. g3 f5 4. d4 Be7 5. Bg2 Nf6 6. Nf3 e4 7. Ng5 c6 8. d5 Ng4 9. Nh3 Ne5 10. b3 Bf6 11. Bd2 O-O 12. O-O Re8 13. Rc1 Nbd7 14. Nf4 Nf8 15. dxc6 bxc6 16. Be3 Ne6 17. Qd2 Ng4 18. Nxe6 Rxe6 19. Bf4 g5 20. Be3 Nxe3 21. fxe3 Bxc3 22. Qxc3 Re5 23. Rcd1 Qe7 24. Qb4 c5 25. Qd2 Be6 26. Qxd6 Qxd6 27. Rxd6 a5 28. Rfd1 a4 29. Rb6 axb3 30. axb3 Kf7 31. Rb7+ Kg6 32. Rd6 Re8 33. Rc6 Rc8 34. Ra6 h5 35. Raa7 Rh8 36. Kf2 h4 37. h3 hxg3+ 38. Kxg3 Kf6 39. Rc7 Rb8 40. Rh7 Kg6 41. Rab7 Rxb7 42. Rxb7 Bf7 43. h4 Be8 44. Rb6+ Kh5 45. Rf6 Bg6 46. Rd6 Bf7 47. Rd7 Be8 48. Rd8 Kh6 49. Rd6+ Kh5 50. Bh3 Bg6 51. Rd8 Kh6 52. Rc8 Bf7 53. Ra8 Bg6 54. Ra5 Bf7 55. Ra6+ Kh5 56. Rf6 Bg6 57. Rc6 Kh6 58. Rc8 Bf7 59. Rh8+ Kg7 60. Ra8 Kh6 61. Ra7 Bg6 62. Ra5 Bf7 63. Rb5 Kh5 64. Rb7 Bg6 65. Rc7 Kh6 66. Ra7 Kh5 67. Ra8 Kh6 68. Rb8 Bf7 69. Rf8 Bg6 70. Rf6 Kh5 71. Rd6 Kh6 72. Rd7 Kh5 73. Rd1 Kh6 74. Rb1 Kh5 75. Rf1 Kh6 76. Ra1 Kh5 77. Rb1 Re7 78. hxg5 Kxg5 79. Ra1 Rb7 80. Ra3 Rb6 81. Kf2 Kf6 82. Ke1 Bf7 83. Kd2 Rb8 84. Bf1 Be6 85. Ke1 Rb6 86. Kd1 Rb8 87. Kd2 Rd8+ 88. Ke1 Rb8 89. Kf2 Rb7 90. Bh3 Rh7 91. Bg2 Rb7 92. Bf1 1/2-1/2

[Event "Czech Extraliga 2023-24"]
[Site "Czech Republic"]
[Date "2024.01.28"]
[Round "6.2"]
[White "UNI2 Michalik Peter GM"]
[Black "LYS3 Samunenkov Ihor IM"]
[Result "0-1"]
[ECO "D37"]
[WhiteElo "2576"]
[BlackElo "2531"]
[Annotator "TA"]
[PlyCount "72"]
[EventDate "2023.10.14"]
[EventCountry "CZE"]
[SourceTitle "playchess.com"]
[Source "ChessBase"]
[SourceQuality "1"]
[TimeControl "40/5400+30:1800+30"]

1. d4 d5 2. c4 e6 3. Nf3 Nf6 4. Nc3 a6 5. c5 b6 6. cxb6 c5 7. Bf4 Bd6 8. Bxd6 {[%emt 0:00:58] The position is equal.} Qxd6 9. dxc5 Qxc5 10. Qd4 Qd6 11. Ne5 Nbd7 12. Nxd7 Bxd7 13. e3 O-O 14. Qd2 Rfb8 15. Be2 Rxb6 16. O-O Rab8 17. b3 Rb4 18. Rfd1 h5 19. Bf3 a5 20. e4 d4 (20... Nxe4 $2 21. Nxe4 Qe7 22. Nc3 $18) 21. Ne2 e5 22. Nc1 Bc6 23. Nd3 Bxe4 $1 (23... Nxe4 24. Bxe4 Bxe4 25. Nxb4 axb4 26. Re1 $11) 24. Nxb4 axb4 {[%emt 0:00:08] White is weak on the dark squares} 25. Be2 Nd5 {[%emt 0:02:47][%mdl 1024] Black has strong compensation.} 26. Re1 Qg6 (26... Bg6 {simplifies} 27. Bd3 Bxd3 28. Qxd3 Nc3) 27. f3 {[%emt 0:00:57] [#]} Nf4 $1 {[%emt 0:06:03] Black is more active.} 28. Bd1 (28. fxe4 $2 Qxg2#) 28... Bc6 $40 {[%emt 0:07:47][%mdl 128] Black has some attack.} (28... Qg5 $6 29. Kh1 Ba8 30. g3 $14) 29. Rxe5 Qf6 30. Rc5 (30. Qxd4 $2 Rd8 31. Qe3 (31. Qxb4 Qxe5 32. h3 Qxa1 33. Qxf4 Rxd1+ 34. Kf2 Rf1+ 35. Ke2 Bb5+) 31... Rd3 $19) 30... Bd7 (30... d3 $11 {and Black is okay.} 31. Rac1 Bd5) 31. Rc4 $2 (31. Rac1 $18) 31... Re8 $15 {[%emt 0:01:53] Strongly threatening ...Qg5.} 32. Qxd4 $2 {[%emt 0:01:30][%mdl 8192] [#] White does not recover from this.} (32. Rxb4 $2 {loses.} Qg5 $19) (32. Rxd4 $2 Re1+ 33. Qxe1 (33. Kf2 $2 Qh4+ 34. g3 Qxh2+ 35. Kxe1 Qg1#) 33... Qxd4+ 34. Qf2 Qxa1 $19) (32. g3 $15 d3 33. Rxf4 Qxa1 34. Rxb4) 32... Qh4 $1 $19 33. g3 {[%emt 0:00:10] [#]} (33. Qe4 Rxe4) 33... Qh3 $1 {[%emt 0:00:29][%csl Gf4][%cal Rh3g2] Black mates.} 34. gxf4 Re1+ 35. Kf2 Qf1+ 36. Kg3 {[%emt 0:00:05] [#]} h4+ $1 {[%emt 0:00:20][%mdl 33280] Weighted Error Value: White=0.43/Black=0.15 (very precise) .  Loses game:     	White=1     	Black=1      Missed win:     	White=1     	---        Mistake:       	---       	Black=1      Inaccurate:     	White=2     	Black=1      OK:         	White=8     	Black=10     Best:        	White=2     	Black=3      Strong:       	---       	Black=2     . Loss on time!?} 0-1

[Event "Czech Extraliga 2023-24"]
[Site "Czech Republic"]
[Date "2024.01.28"]
[Round "6.2"]
[White "PAR4 Hracek Zbynek GM"]
[Black "KRO4 Gonda Laszlo GM"]
[Result "1/2-1/2"]
[ECO "E11"]
[WhiteElo "2550"]
[BlackElo "2494"]
[Annotator "TA"]
[PlyCount "29"]
[EventDate "2023.10.14"]
[EventCountry "CZE"]
[SourceTitle "playchess.com"]
[Source "ChessBase"]
[SourceQuality "1"]
[TimeControl "40/5400+30:1800+30"]

1. d4 d5 2. c4 e6 3. Nf3 Nf6 4. g3 Bb4+ 5. Bd2 Be7 6. Bg2 O-O 7. Bf4 Nbd7 8. Qc2 c6 9. h4 a5 10. Nbd2 Re8 11. O-O Nh5 12. Bg5 f6 13. Be3 {[%emt 0:02:12] [#] Black must now prevent g4.} Bd6 14. Bh3 Qe7 15. Nb3 {[%emt 1:01:26] Weighted Error Value: White=0.11 (very precise) /Black=0.10 (very precise) .  Mistake:       	White=1     	---        Inaccurate:     	White=1     	Black=1      OK:         	White=4     	Black=3} (15. Rfd1 $11) 1/2-1/2

[Event "Czech Extraliga 2023-24"]
[Site "Czech Republic"]
[Date "2024.01.28"]
[Round "6.2"]
[White "LIN2 Stocek Jiri GM"]
[Black "TUR3 Kantans Toms GM"]
[Result "1/2-1/2"]
[ECO "D97"]
[WhiteElo "2535"]
[BlackElo "2483"]
[Annotator "RC"]
[PlyCount "155"]
[EventDate "2023.10.14"]
[EventCountry "CZE"]
[SourceTitle "playchess.com"]
[Source "ChessBase"]
[SourceQuality "1"]
[TimeControl "40/5400+30:1800+30"]

1. d4 Nf6 2. Nf3 g6 3. c4 Bg7 4. Nc3 d5 5. Qb3 dxc4 6. Qxc4 O-O 7. e4 a6 8. Be2 b5 9. Qd3 c5 10. dxc5 Bb7 11. Be3 b4 12. Na4 Qxd3 13. Bxd3 Bxe4 14. Bxe4 Nxe4 15. Ke2 Nc6 16. Rhd1 f5 17. Rac1 Rad8 18. g3 Kf7 19. Ne1 Bd4 20. Nd3 Bxe3 21. Kxe3 e5 22. Nb6 Nf6 23. f3 e4 24. Nf2 exf3 25. Kxf3 Rfe8 26. Nc4 Rxd1 27. Rxd1 Re6 28. Nh3 Ne5+ 29. Nxe5+ Rxe5 30. Rc1 Ke7 31. Nf4 Kd7 32. Nd3 Re4 33. c6+ Kc8 34. Nc5 Rd4 35. h3 a5 36. b3 Rd6 37. Nb7 Rd5 38. c7 Ne8 39. Nd8 Rd6 40. Nc6 Nxc7 41. Nxa5 Kd7 42. Nc4 Rd3+ 43. Kf2 Ke6 44. Re1+ Kf6 45. Re3 Rd1 46. Re1 Rd8 47. Re5 Nd5 48. g4 Nf4 49. Kg3 Rd4 50. Re8 Ne6 51. gxf5 Rd3+ 52. Kf2 gxf5 53. Ne3 Rd2+ 54. Ke1 Rxa2 55. Nd5+ Ke5 56. Nc7 Kd6 57. Nxe6 Kd7 58. Ng7 Rg2 59. Ra8 Rg3 60. Ra7+ Kc6 61. h4 Rxb3 62. Nxf5 Kd5 63. Kd2 h5 64. Rh7 Ke4 65. Rxh5 Rb2+ 66. Kc1 Rh2 67. Ne7 Kd3 68. Rh8 Kc3 69. Rc8+ Kb3 70. Nf5 Rh1+ 71. Kd2 Ka2 72. Ra8+ Kb2 73. Ra4 Kb3 74. Ra5 Kb2 75. Kd3 b3 76. Kc4 Rh3 77. Re5 Ka2 78. Ra5+ 1/2-1/2

[Event "Czech Extraliga 2023-24"]
[Site "Czech Republic"]
[Date "2024.01.28"]
[Round "6.2"]
[White "BSS3 Krzyzanowski Marcin GM"]
[Black "NOV3 Harikrishna Pentala GM"]
[Result "1/2-1/2"]
[ECO "C47"]
[WhiteElo "2512"]
[BlackElo "2716"]
[Annotator "TA"]
[PlyCount "64"]
[EventDate "2023.10.14"]
[EventCountry "CZE"]
[SourceTitle "playchess.com"]
[Source "ChessBase"]
[SourceQuality "1"]
[TimeControl "40/5400+30:1800+30"]

1. e4 e5 2. Nf3 Nc6 3. Nc3 Nf6 4. d4 exd4 5. Nxd4 Bb4 6. Nxc6 bxc6 7. Bd3 O-O 8. O-O d5 9. exd5 cxd5 10. Bg5 c6 11. Qf3 Bd6 12. h3 Rb8 13. Rab1 h6 14. Bxf6 Qxf6 15. Qxf6 gxf6 {[%emt 0:00:07] The position is equal.} 16. Nd1 Re8 17. Ne3 a5 18. Nf5 Bxf5 19. Bxf5 Rb7 20. b3 Bb4 21. Rbd1 Re5 22. Bd3 Bc3 23. g3 Kg7 24. Kg2 Rbe7 25. Rb1 Be1 26. Kf3 f5 27. Kg2 Kf6 28. a3 c5 29. Bb5 d4 30. Kf3 h5 31. Bd3 Bc3 32. Rg1 Re1 {[%emt 0:00:31] Weighted Error Value: White=0.04 (flawless) /Black=0.05 (flawless) .  OK:         	White=8     	Black=4} 1/2-1/2

[Event "Czech Extraliga 2023-24"]
[Site "Czech Republic"]
[Date "2024.01.28"]
[Round "6.3"]
[White "NOV4 Navara David GM"]
[Black "BSS4 Antoniewski Rafal GM"]
[Result "1/2-1/2"]
[ECO "E12"]
[WhiteElo "2689"]
[BlackElo "2485"]
[Annotator "TA"]
[PlyCount "79"]
[EventDate "2023.10.14"]
[EventCountry "CZE"]
[SourceTitle "playchess.com"]
[Source "ChessBase"]
[SourceQuality "1"]
[TimeControl "40/5400+30:1800+30"]

1. d4 Nf6 2. c4 b6 3. Nc3 Bb7 4. Qc2 d5 5. cxd5 Nxd5 6. e4 Nxc3 7. bxc3 e6 8. Nf3 Be7 9. Bb5+ c6 10. Bd3 c5 11. O-O cxd4 12. cxd4 O-O 13. Bb2 Nc6 14. a3 Rc8 15. Qe2 Bf6 16. Qe3 Na5 17. Rac1 Qd7 18. h4 Rxc1 19. Rxc1 Rc8 20. h5 Rxc1+ 21. Qxc1 h6 22. Qf4 Qc8 23. a4 Nc4 24. Bc3 Na5 25. Bxa5 bxa5 26. e5 Bd8 {[%emt 0:00:42] Threatens to win with ...Qc3. This pair of bishops is nice.} 27. Be4 $1 Bb6 28. g4 Bd8 29. Kg2 $1 Qd7 30. Bxb7 Qxb7 $11 {[%emt 0:00:03][%mdl 4096] Endgame. KQB-KQN} 31. Kg3 (31. Qc1 $11) 31... Qb3 $15 32. Qe4 Qxa4 33. Qb7 {[%emt 0:00:21] Dodges Qd7} Kf8 (33... Qa3 $17 34. Qa8 Qe7) 34. Qxa7 {[%emt 0:01:06] [#]} (34. Qb1 $1 $11 {remains equal.}) 34... Qc6 $1 $17 35. Qb8 Qd7 ({Black should play} 35... Ke8 $17 36. Qa7 Qb5 (36... a4 37. d5 $17)) 36. Qa8 Ke7 (36... Qd5 $15 37. Qa6 Kg8) 37. Kf4 (37. Qe4 $11) 37... Qc7 $15 38. Kg3 {[%emt 0:00:28] [#]} (38. Qa6 $15) 38... Qd7 (38... Qc4 $1 $17 39. Qa7+ Ke8) 39. Kf4 Qc7 (39... Qd5 $15 40. Qxd5 exd5) 40. Kg3 {[%emt 0:00:08] Weighted Error Value: White=0.19 (very precise) /Black=0.20 (precise) .  Mistake:       	White=4     	Black=5      Inaccurate:     	White=2     	---        OK:         	White=7     	Black=6      Best:        	White=2     	Black=1      Strong:       	White=2     	Black=1} 1/2-1/2

[Event "Czech Extraliga 2023-24"]
[Site "Czech Republic"]
[Date "2024.01.28"]
[Round "6.3"]
[White "KRO5 Babula Vlastimil GM"]
[Black "PAR5 Movsesian Sergei GM"]
[Result "1/2-1/2"]
[ECO "E11"]
[WhiteElo "2538"]
[BlackElo "2606"]
[Annotator "RC"]
[PlyCount "36"]
[EventDate "2023.10.14"]
[EventCountry "CZE"]
[SourceTitle "playchess.com"]
[Source "ChessBase"]
[SourceQuality "1"]
[TimeControl "40/5400+30:1800+30"]

1. d4 Nf6 2. c4 e6 3. Nf3 Bb4+ 4. Bd2 Bxd2+ 5. Qxd2 O-O 6. g3 d5 7. Bg2 c6 8. Qc2 b6 9. O-O Bb7 10. Nbd2 Nbd7 11. b4 h6 12. Rfe1 a5 13. a3 Qe7 14. Rab1 axb4 15. axb4 Ra7 16. c5 bxc5 17. bxc5 Rfa8 18. e4 Qd8 1/2-1/2